 Dungeon Crawl Stone Soup version 0.28-a0-21-gf74fda84f9 (webtiles) character file.

Game seed: 11976235899887646042

574 voltaire321 the Sneak (level 7, -2/40 HPs)
             Began as a Kobold Enchanter on July 26, 2021.
             Was an Initiate of Nemelex Xobeh.
             Slain by a gnoll (8 damage)
             ... while paralysed by Grinder
             ... on level 5 of the Dungeon.
             The game lasted 00:18:56 (5289 turns).

voltaire321 the Sneak (Kobold Enchanter)            Turns: 5289, Time: 00:18:56

Health: -2/40      AC:  4    Str:  7    XL:     7   Next: 61%
Magic:  12/12      EV:  3    Int: 22    God:    Nemelex Xobeh [......]
Gold:   88         SH:  0    Dex: 16    Spells: 4/12 levels left

rFire   . . .      SeeInvis .   f - +3 dagger of Myvoashakh {vamp, Int+6}
rCold   . . .      Faith    .   (shield restricted)
rNeg    . . .      Spirit   .   b - +0 robe
rPois   .          Reflect  .   j - +0 helmet
rElec   .          Harm     .   (no cloak)
rCorr   .          Rampage  .   (no gloves)
Will    .....                   m - +0 pair of boots
Stlth   ++++......              (no amulet)
HPRegen 0.13/turn               a - +4 ring of evasion
MPRegen 0.13/turn               c - +4 ring of evasion

@: paralysed
A: small, no large weapons, nightstalker 3
a: Renounce Religion, Draw Escape, Draw Destruction, Draw Summoning


You were on level 5 of the Dungeon.
You worshipped Nemelex Xobeh.
Nemelex Xobeh was noncommittal.
You visited 1 branch of the dungeon, and saw 5 of its levels.

You collected 1090 gold pieces.
You spent 1002 gold pieces at shops.

Inventory:

Hand Weapons
 f - the +3 dagger of Myvoashakh (weapon) {vamp, Int+6}
   (You bought it in a shop on level 3 of the Dungeon)

   It occasionally heals its wielder for a portion of the damage dealt when it
   wounds a living foe.
   Int:       It affects your intelligence (+6).
 g - a +0 rapier
Missiles
 i - a throwing net
Armour
 b - a +0 robe (worn)
 j - a +0 helmet (worn)
 m - a +0 pair of boots (worn)
Jewellery
 a - a +4 ring of evasion (left hand)
 c - a +4 ring of evasion (right hand)
Wands
 o - a wand of paralysis (11)
Scrolls
 k - a scroll of amnesia
 r - a scroll of magic mapping {unknown}
Potions
 d - 2 potions of brilliance
 e - 3 potions of curing
 h - 4 potions of heal wounds
 l - 2 potions of attraction {unknown}
 n - a potion of flight {unknown}
 p - a potion of might {unknown}
 q - a potion of mutation


   Skills:
 + Level 2.8 Fighting
 + Level 3.6 Short Blades
 + Level 4.1 Dodging
 + Level 6.0 Stealth
 + Level 3.4 Spellcasting
 + Level 4.1 Hexes
 + Level 2.4 Ice Magic
 + Level 0.5 Invocations


You had 4 spell levels left.
You knew the following spells:

 Your Spells              Type           Power      Damage    Failure   Level
a - Ensorcelled Hibernat  Hex/Ice        36%        N/A       4%          2
b - Confusing Touch       Hex            21%        N/A       7%          3
c - Tukima's Dance        Hex            21%        N/A       7%          3

Your spell library contained the following spells:

 Spells                   Type           Power      Damage    Failure   Level
 Corona                   Hex            23%        N/A       2%          1
 Dazzling Flash           Conj/Hex       24%        N/A       16%         3
 Gell's Gravitas          Tloc           1%         N/A       34%         3
 Lesser Beckoning         Tloc           1%         N/A       34%         3
 Teleport Other           Tloc           3%         N/A       34%         3


Dungeon Overview and Level Annotations

Branches:
Dungeon (5/15)
 Temple: D:4-7

Altars:
Cheibriados
Hepliaklqana
Nemelex Xobeh

Shops:
D:1 (=!:   D:3 (

Annotations:
D:5 Grinder


Innate Abilities, Weirdness & Mutations

You are small and have problems with some larger weapons.
You are completely attuned to the shadows.


Message History

You hit the hound skeleton.
You destroy the hound skeleton!
p - a sedimented green potion You start resting.
Magic restored.
There is a stone staircase leading up here.
Found a stone staircase leading down.
r - a scroll labelled SUNOMM AKAUTUS Grinder is nearby! 2 gnolls come into view.
Grinder shouts!
You hear a shout! x3
A gnoll comes into view. It is wielding a +0 whip.
Grinder says, "There's only one good use for a tongue: cutting it out."
Grinder gestures at you.
You suddenly lose the ability to move!
Grinder gestures at you.
You shrug off the repeated paralysis!
Grinder gestures at you. Pain shoots through your body! Grinder hits you. x2
You writhe in agony.
You can move again.
You feel much better. Grinder barely misses you. Grinder gestures at you.
You suddenly lose the ability to move!
Grinder gestures at you. Pain shoots through your body!
The gnoll hits you from afar with a +0 spear.
Grinder blinks!
The gnoll hits you from afar with a +0 spear!
Grinder says, "Mostly I couldn't keep them alive."
Grinder hits you.
You writhe in agony.
The gnoll hits you from afar with a +0 spear.
Grinder hits you.
* * * LOW HITPOINT WARNING * * *
You writhe in agony.
* * * LOW HITPOINT WARNING * * *
The gnoll hits you from afar with a +0 spear!
You die...
Your body disappears without a glow.

......# ### ####<.####.##
#.........###
##........... #. #.#
#.####...## #. #.# #.#
##.## #. #.# #.# #.#
###.###.####.# #.###
#.......g.@5.# #...###.
#.#.###.###### #>......
#. ##..### #.#.###
gg.......#######....####
...####.#..........#.....
.......##.#####...####
####.#.##.######.##
#.#....#......#
#.######.######


You could see Grinder and a gnoll.

Vanquished Creatures
  Sigmund (D:3)
  Eustachio (D:4)
  A centaur skeleton (D:4)
  A jelly (D:4)
  Jessica (D:3)
  2 iguanas
  2 hound skeletons
  Robin (D:2)
  2 adders (D:4)
  2 worms (D:3)
  3 dart slugs
  5 bats
  3 endoplasms
  9 hobgoblins
  2 jackals (D:3)
  8 kobolds
  2 quokkas
  4 ball pythons
  2 frilled lizards (D:2)
  13 goblins
  3 rats
  A spectral goblin (D:2)
69 creatures vanquished.

Vanquished Creatures (others)
  55 plants (D:2)
55 creatures vanquished.

Grand Total: 124 creatures vanquished

Notes
Turn   | Place    | Note
-------+----------+-------------------------------------------
     0 | D:1      | voltaire321 the Kobold Enchanter began the quest for the
                  | Orb.
     0 | D:1      | Reached XP level 1. HP: 10/10 MP: 3/3
   115 | D:1      | Found Bobry's Book Shop.
   167 | D:1      | Reached XP level 2. HP: 15/15 MP: 5/5
   198 | D:1      | Found Iblucuewk's Distillery.
   530 | D:1      | Learned a level 2 spell: Ensorcelled Hibernation
   584 | D:1      | Found Xigaf's Weapon Shoppe.
   704 | D:1      | Found Caomuoq's Jewellery Emporium.
  1456 | D:2      | Noticed Robin
  1460 | D:2      | Reached XP level 3. HP: 20/20 MP: 3/6
  1563 | D:2      | Killed Robin
  1872 | D:2      | Reached XP level 4. HP: 23/24 MP: 0/7
  2027 | D:2      | Found a faded altar of an unknown god.
  2060 | D:2      | Reached skill level 1 in Fighting
  2695 | D:3      | Noticed Jessica
  2699 | D:3      | Killed Jessica
  2700 | D:3      | Reached skill level 1 in Ice Magic
  2731 | D:3      | Noticed Sigmund
  2756 | D:3      | Killed Sigmund
  2757 | D:3      | Reached skill level 5 in Stealth
  2757 | D:3      | Reached XP level 5. HP: 9/30 MP: 3/9
  2757 | D:3      | Reached XP level 6. HP: 10/35 MP: 3/10
  2981 | D:3      | Learned a level 3 spell: Confusing Touch
  2985 | D:3      | Learned a level 3 spell: Tukima's Dance
  3545 | D:3      | Found Enuis's Antique Weapon Boutique.
  3986 | D:4      | Noticed Eustachio
  3996 | D:4      | Killed Eustachio
  3997 | D:4      | Reached XP level 7. HP: 27/40 MP: 0/12
  4516 | D:4      | Found a hazy altar of Hepliaklqana.
  4521 | D:4      | Found a sparkling altar of Nemelex Xobeh.
  4522 | D:4      | Found a snail-covered altar of Cheibriados.
  4532 | D:4      | Became a worshipper of Nemelex Xobeh the Trickster
  4878 | D:5      | Entered Level 5 of the Dungeon
  4881 | D:5      | Identified a scroll of acquirement
  4881 | D:5      | Acquired 934 gold pieces
  4914 | D:3      | Bought a masterwork dagger for 161 gold pieces
  4914 | D:3      | Identified the +3 dagger of Myvoashakh {vamp, Int+6} (You
                  | bought it in a shop on level 3 of the Dungeon)
  5003 | D:1      | Bought a potion of curing for 33 gold pieces
  5003 | D:1      | Bought a potion of mutation for 88 gold pieces
  5065 | D:1      | Bought a +4 ring of evasion for 360 gold pieces
  5065 | D:1      | Bought a +4 ring of evasion for 360 gold pieces
  5108 | D:5      | Noticed Grinder
  5116 | D:5      | Paralysed by Grinder for 4 turns
  5202 | D:5      | Reached skill level 6 in Stealth
  5274 | D:5      | Paralysed by Grinder for 6 turns
  5284 | D:5      | Paralysed by Grinder for 7 turns
  5289 | D:5      | Slain by a gnoll

Illustrated notes

Levels and vault maps discovered:
D:1:      erik_arrival_orb_chamber, layout_basic, serial_shops,
          nicolae_square_shop, shop, nicolae_shop_stone, nicolae_shop_stone
D:2:      layout_loops_ring, dreamdust_ecumenical_altar_drowned_temple,
          kennysheep_boxes, uniq_robin
D:3:      layout_loops_ring, serial_shops, nicolae_shop_trees, uniq_jessica,
          uniq_sigmund
D:4:      layout_layer_cave, minitemple, grunt_ministairs_11, uniq_eustachio
D:5:      layout_loops_ring, minmay_temple_entry_from_below_b, uniq_grinder,
          uniq_edmund

Skill      XL: |  1  2  3  4  5  6  7 |
---------------+----------------------+-----
Short Blades   | 2 3 |  3.6
Fighting       | 2 |  2.8
Dodging        | 3 4 |  4.1
Ice Magic      | 1 2 |  2.4
Stealth        | 5 6 |  6.0
Spellcasting   | 3 |  3.4
Hexes          | 4 |  4.1
Invocations    | |  0.5

Action                   |  1- 3 |  4- 6 |  7- 9 || total
-------------------------+-------+-------+-------++-------
Melee: Dagger            |   102 |    50 |    49 ||   201
 Cast: Ensorcelled Hiber |    16 |    21 |     2 ||    39
       Corona            |     1 |       |       ||     1
       Tukima's Dance    |       |       |     1 ||     1
  Use: Scroll            |       |     5 |     4 ||     9
       Potion            |       |       |     1 ||     1
 Stab: Sleeping          |    19 |    23 |    12 ||    54
Armor: Robe              |    15 |     5 |     7 ||    27
Dodge: Dodged            |    77 |    33 |    41 ||   151

Table legend: (Time is in decaauts)
 A = Elapsed time spent in this place.
 B = Non-inter-level travel time spent in this place.
 C = Inter-level travel time spent in this place.
 D = Time resting spent in this place.
 E = Time spent auto-exploring this place.
 F = Levels seen in this place.
 G = Mean time per level.
                   A        B        C        D        E       F      G
               +--------+--------+--------+--------+--------+-----+--------+
         Total |   5276 |   4974 |    302 |   1615 |   2562 |   5 | 1055.2 |
       Dungeon |   5276 |   4974 |    302 |   1615 |   2562 |   5 | 1055.2 |
               +--------+--------+--------+--------+--------+-----+--------+

Top non-repeatable levels by time:
     D:2: 1455 daAuts
     D:3: 1255 daAuts
     D:4: 1252 daAuts
     D:1: 1189 daAuts
     D:5: 124 daAuts
